[Event "WJCC U20 Open 2019"]
[Site "New Delhi"]
[Date "2019.10.19"]
[Round "6.38"]
[White "Licheli, Luka"]
[Black "Sterck, Arno"]
[Result "1/2-1/2"]
[ECO "C47"]
[WhiteElo "2010"]
[BlackElo "2331"]
[Annotator "NA"]
[PlyCount "150"]
[EventDate "2019.10.15"]
[EventType "swiss"]
[EventCountry "IND"]
[SourceTitle "playchess.com"]
[Source "ChessBase"]
[SourceQuality "1"]
[TimeControl "40/5400+30:1800+30"]

1. e4 e5 2. Nc3 Nf6 3. Nf3 Nc6 4. Bc4 Nxe4 5. Nxe4 d5 6. Bd3 Nb4 7. Ng3 e4 8. Bxe4 dxe4 9. Nxe4 Bg4 10. a3 Bxf3 11. gxf3 Nc6 12. d3 Be7 13. Be3 f5 14. Nc3 f4 15. Bxf4 Nd4 16. Be3 O-O 17. f4 Qd7 18. Ne4 Rad8 19. Rg1 Qh3 20. Bxd4 Rxd4 21. Qg4 Qh6 22. Ng5 Rfxf4 23. Qc8+ Bf8 24. Qe6+ Qxe6+ 25. Nxe6 Rg4 26. Ke2 Ra4 27. h3 Rh4 28. Rg3 Rh6 29. Nxf8 Kxf8 30. Rag1 g6 31. Rf3+ Ke7 32. Rgg3 Rah4 33. Re3+ Kd7 34. Rgf3 g5 35. Rf7+ Kd6 36. Ree7 Rxh3 37. Rd7+ Ke6 38. Rde7+ Kd6 39. Rd7+ Ke5 40. Rxc7 Rc6 41. Rxc6 bxc6 42. Rxa7 h5 43. Ra5+ Kf4 44. Rc5 g4 45. a4 Rh2 46. Kf1 h4 47. Rxc6 h3 48. Rh6 Rh1+ 49. Ke2 Rc1 50. Kd2 Ra1 51. b3 Kf3 52. Rf6+ Kg2 53. Rf4 h2 54. Rxg4+ Kxf2 55. Rh4 h1=Q 56. Rxh1 Rxh1 57. a5 Kf3 58. c4 Kf4 59. Kc3 Ke5 60. d4+ Kd6 61. Kb4 Kc7 62. Kb5 Kb7 63. b4 Ra1 64. d5 Ra2 65. Kc5 Kc7 66. Kb5 Kb7 67. c5 Rd2 68. d6 Rd4 69. a6+ Ka7 70. Kc6 Rxb4 71. Kc7 Kxa6 72. c6 Rd4 73. Kd7 Rc4 74. Kc7 Rd4 75. d7 Kb5 1/2-1/2

[Event "WJCC U20 Open 2019"]
[Site "New Delhi"]
[Date "2019.10.19"]
[Round "6.39"]
[White "Maltezeanu, Stefan"]
[Black "Muthaiah AL"]
[Result "1/2-1/2"]
[ECO "A45"]
[WhiteElo "2102"]
[BlackElo "2370"]
[Annotator "NA"]
[PlyCount "86"]
[EventDate "2019.10.15"]
[EventType "swiss"]
[EventCountry "IND"]
[SourceTitle "playchess.com"]
[Source "ChessBase"]
[SourceQuality "1"]
[TimeControl "40/5400+30:1800+30"]

1. d4 Nf6 2. Bf4 c5 3. e3 cxd4 4. exd4 d5 5. c3 Nc6 6. Nf3 Bf5 7. Qb3 Qc8 8. Nbd2 e6 9. Bb5 Be7 10. O-O O-O 11. h3 a6 12. Be2 h6 13. a4 Bd8 14. c4 Bc7 15. Be5 Nxe5 16. dxe5 dxc4 17. Nxc4 Nd5 18. Nd4 Be4 19. Rac1 Qb8 20. Qg3 Rd8 21. Rfd1 Nb6 22. Qg4 Bd5 23. f4 Nxc4 24. Bxc4 Bxc4 25. Rxc4 b5 26. axb5 axb5 27. Rb4 Ba5 28. Rxb5 Qa7 29. Kh2 Qa6 30. Rxa5 Qxa5 31. Nc6 Qb6 32. Nxd8 Rxd8 33. Rxd8+ Qxd8 34. Qe2 Qd4 35. g3 g5 36. fxg5 hxg5 37. Kg2 Kg7 38. Kf3 Kh6 39. Qe3 Qxb2 40. h4 Qb7+ 41. Kg4 Qb4+ 42. Kh3 Qe7 43. Kg4 Qb4+ 1/2-1/2

[Event "WJCC U20 Open 2019"]
[Site "New Delhi"]
[Date "2019.10.19"]
[Round "6.40"]
[White "Risting, Eivind Olav"]
[Black "Hamad Essam"]
[Result "1-0"]
[ECO "A28"]
[WhiteElo "2289"]
[BlackElo "1849"]
[Annotator "NA"]
[PlyCount "63"]
[EventDate "2019.10.15"]
[EventType "swiss"]
[EventCountry "IND"]
[SourceTitle "playchess.com"]
[Source "ChessBase"]
[SourceQuality "1"]
[TimeControl "40/5400+30:1800+30"]

1. c4 e5 2. Nc3 Nf6 3. Nf3 Nc6 4. e3 Bb4 5. Qc2 O-O 6. Nd5 Re8 7. Qf5 d6 8. Nxf6+ Qxf6 9. Qxf6 gxf6 10. a3 Bc5 11. b4 Bb6 12. Bb2 Be6 13. Be2 a6 14. O-O d5 15. c5 Ba7 16. h3 b5 17. Bc3 d4 18. exd4 e4 19. Nh2 Rad8 20. Ng4 Bxg4 21. Bxg4 Nxd4 22. a4 f5 23. Bd1 Bb8 24. axb5 axb5 25. Ra8 Rd7 26. Re1 c6 27. Kf1 Red8 28. g4 fxg4 29. Rxe4 Ne6 30. Bxg4 Re8 31. Bxe6 fxe6 32. Be5 1-0

[Event "WJCC U20 Open 2019"]
[Site "New Delhi"]
[Date "2019.10.19"]
[Round "6.41"]
[White "Flores Quillas, Diego Saul Rodri"]
[Black "Sivathanujan, S."]
[Result "1-0"]
[ECO "B33"]
[WhiteElo "2164"]
[BlackElo "1766"]
[Annotator "NA"]
[PlyCount "69"]
[EventDate "2019.10.15"]
[EventType "swiss"]
[EventCountry "IND"]
[SourceTitle "playchess.com"]
[Source "ChessBase"]
[SourceQuality "1"]
[TimeControl "40/5400+30:1800+30"]

1. e4 c5 2. Nf3 Nc6 3. d4 cxd4 4. Nxd4 e6 5. Nc3 Nf6 6. Ndb5 d6 7. Bf4 e5 8. Bg5 a6 9. Na3 Be6 10. Nc4 b5 11. Ne3 Qa5 12. Bxf6 gxf6 13. Be2 Be7 14. O-O Rc8 15. Bg4 Nd4 16. Ncd5 h5 17. Bf5 Nxf5 18. exf5 Bxd5 19. Qxd5 Qb6 20. Rfd1 Qc6 21. Qb3 h4 22. h3 Rg8 23. Rd5 Rg5 24. a4 Rb8 25. axb5 Rxb5 26. Rxb5 axb5 27. Ra5 d5 28. Rxb5 d4 29. Qa4 Qd7 30. Qa8+ Bd8 31. Rd5 Qc7 32. Nc4 e4 33. Na5 e3 34. Nc6 exf2+ 35. Kf1 1-0

[Event "WJCC U20 Open 2019"]
[Site "New Delhi"]
[Date "2019.10.19"]
[Round "6.42"]
[White "Raahul V S"]
[Black "Mohd Saprin, Amir Ghaazi"]
[Result "1-0"]
[ECO "A35"]
[WhiteElo "2262"]
[BlackElo "1942"]
[Annotator "NA"]
[PlyCount "123"]
[EventDate "2019.10.15"]
[EventType "swiss"]
[EventCountry "IND"]
[SourceTitle "playchess.com"]
[Source "ChessBase"]
[SourceQuality "1"]
[TimeControl "40/5400+30:1800+30"]

1. c4 c5 2. Nf3 Nf6 3. Nc3 Nc6 4. d4 cxd4 5. Nxd4 Qb6 6. e3 e6 7. Ndb5 Ne5 8. Qd4 Qxd4 9. exd4 Nc6 10. Nc7+ Kd8 11. Nxa8 Nxd4 12. Bd3 b6 13. Be3 e5 14. Bxd4 exd4 15. Nb5 Bb4+ 16. Kf1 Bb7 17. a3 Be7 18. Nxb6 axb6 19. Nxd4 Nh5 20. Be2 Nf4 21. Bf3 Ba6 22. b3 Bc5 23. Nc2 Re8 24. Nb4 Bc8 25. g3 Nh3 26. Nd3 Bd4 27. Re1 Rf8 28. Kg2 d6 29. Nb4 Bd7 30. Nc6+ Bxc6 31. Bxc6 Nxf2 32. Rhf1 Ng4 33. Rf4 Bc3 34. Re2 Ne5 35. Be4 h6 36. Rc2 Bd4 37. Bd5 Be3 38. Re4 Bg5 39. h4 Be7 40. c5 bxc5 41. Ra4 Nd7 42. Ra8+ Kc7 43. Ra7+ Kc8 44. b4 Bd8 45. bxc5 Nxc5 46. Rb2 Re8 47. a4 Re3 48. a5 Bf6 49. Rb6 Be5 50. Rc6+ Kd8 51. Bf3 g5 52. Rb6 d5 53. Rxf7 g4 54. Bxd5 Rxg3+ 55. Kf1 Ra3 56. Rg6 Nd7 57. Rg8+ Kc7 58. Be6 Rf3+ 59. Rxf3 gxf3 60. Bxd7 Kxd7 61. a6 Bd4 62. a7 1-0

[Event "WJCC U20 Open 2019"]
[Site "New Delhi"]
[Date "2019.10.19"]
[Round "6.43"]
[White "Doluweera, Minul Sanjula"]
[Black "Davis, Holden"]
[Result "1/2-1/2"]
[ECO "A84"]
[WhiteElo "2191"]
[BlackElo "1817"]
[Annotator "NA"]
[PlyCount "102"]
[EventDate "2019.10.15"]
[EventType "swiss"]
[EventCountry "IND"]
[SourceTitle "playchess.com"]
[Source "ChessBase"]
[SourceQuality "1"]
[TimeControl "40/5400+30:1800+30"]

1. d4 e6 2. c4 f5 3. Nc3 Nf6 4. Qc2 b6 5. e3 Bb7 6. f3 Bb4 7. Bd3 O-O 8. Bd2 c5 9. Nge2 Nc6 10. a3 cxd4 11. exd4 Bd6 12. b4 Rc8 13. c5 Bb8 14. Be3 Ne7 15. Qd2 Ned5 16. Nxd5 Nxd5 17. Nc3 Nxe3 18. Qxe3 bxc5 19. bxc5 e5 20. O-O exd4 21. Qxd4 Qc7 22. Ne2 Qxh2+ 23. Kf2 Be5 24. Qc4+ d5 25. Qb4 Bxa1 26. Rxa1 Bc6 27. Nd4 Bd7 28. Ba6 Rb8 29. Qd2 f4 30. c6 Bh3 31. Bf1 Qg3+ 32. Kg1 Rbe8 33. Rc1 Rf6 34. c7 Bc8 35. Qa5 Qg5 36. Rc5 Qe5 37. Nc2 Qd6 38. Nd4 Qe7 39. Nc2 d4 40. Qxa7 Rd6 41. Bc4+ Kh8 42. Bd3 Re6 43. Rh5 g6 44. Qxd4+ Qg7 45. Rd5 Qxd4+ 46. Nxd4 R6e7 47. Rd8 Kg7 48. Nc6 Rxc7 49. Rxe8 Rxc6 50. Bb5 Rc1+ 51. Kh2 h5 1/2-1/2

[Event "WJCC U20 Open 2019"]
[Site "New Delhi"]
[Date "2019.10.19"]
[Round "6.44"]
[White "Aravena Navarro, Alexis Andres"]
[Black "Dahanayake, Isara Banidu"]
[Result "1/2-1/2"]
[ECO "B55"]
[WhiteElo "2023"]
[BlackElo "1771"]
[Annotator "NA"]
[PlyCount "54"]
[EventDate "2019.10.15"]
[EventType "swiss"]
[EventCountry "IND"]
[SourceTitle "playchess.com"]
[Source "ChessBase"]
[SourceQuality "1"]
[TimeControl "40/5400+30:1800+30"]

1. e4 c5 2. Nf3 d6 3. d4 cxd4 4. Nxd4 Nf6 5. f3 e5 6. Bb5+ Bd7 7. Bxd7+ Nbxd7 8. Nf5 Qc7 9. Nc3 h6 10. O-O a6 11. Be3 g6 12. Ng3 Nb6 13. Qd3 Nc4 14. Rab1 Rc8 15. Nge2 Nxe3 16. Qxe3 d5 17. Qd2 d4 18. Nd1 Qxc2 19. Qxc2 Rxc2 20. Nc1 Bd6 21. Nd3 Nd7 22. N1f2 O-O 23. g3 Rfc8 24. f4 f6 25. Ng4 Rd2 26. fxe5 Bxe5 27. Ndxe5 fxe5 1/2-1/2

[Event "WJCC U20 Open 2019"]
[Site "New Delhi"]
[Date "2019.10.19"]
[Round "6.45"]
[White "Swarnavo Choudhury"]
[Black "Lama, Milan"]
[Result "1/2-1/2"]
[ECO "B38"]
[WhiteElo "1797"]
[BlackElo "1976"]
[Annotator "NA"]
[PlyCount "116"]
[EventDate "2019.10.15"]
[EventType "swiss"]
[EventCountry "IND"]
[SourceTitle "playchess.com"]
[Source "ChessBase"]
[SourceQuality "1"]
[TimeControl "40/5400+30:1800+30"]

1. e4 c5 2. Nf3 g6 3. d4 cxd4 4. Nxd4 Bg7 5. c4 Nc6 6. Be3 Nf6 7. Nc3 d6 8. Be2 O-O 9. f3 Bd7 10. Qd2 a5 11. O-O-O a4 12. g4 Nxd4 13. Bxd4 Qa5 14. h4 h5 15. Kb1 Be6 16. Nd5 Bxd5 17. cxd5 Qxd2 18. Rxd2 hxg4 19. Bxf6 Bxf6 20. fxg4 Rac8 21. Bb5 a3 22. bxa3 Rc3 23. a4 Kg7 24. h5 Rg3 25. hxg6 Kxg6 26. Bd7 b6 27. Rdh2 Rf3 28. Rh5 Bg5 29. Rh8 Rxh8 30. Rxh8 Rf2 31. Rh3 Bf6 32. Rb3 Bd4 33. Rb4 Bc5 34. Rb5 Kf6 35. a5 bxa5 36. Rxa5 Ke5 37. Ra4 Bd4 38. Bf5 Rb2+ 39. Kc1 Rg2 40. Kb1 Rd2 41. Ra8 Kf4 42. a4 Ke3 43. Rb8 Kd3 44. e5+ Kc3 45. Rc8+ Bc5 46. exd6 exd6 47. Rb8 Rd4 48. Bd7 Bb4 49. Rf8 Kb3 50. Rc8 Bc5 51. Rb8+ Kc3 52. a5 Rxd5 53. a6 Bd4 54. Rb5 Bc5 55. Rb7 Bd4 56. Rb5 Rxb5+ 57. Bxb5 f6 58. Kc1 Ba7 1/2-1/2

[Event "WJCC U20 Open 2019"]
[Site "New Delhi"]
[Date "2019.10.21"]
[Round "7.3"]
[White "Khanin, Semen"]
[Black "Praggnanandhaa R"]
[Result "1/2-1/2"]
[ECO "B31"]
[WhiteElo "2507"]
[BlackElo "2567"]
[Annotator "ChessBase"]
[PlyCount "81"]
[EventDate "2019.10.15"]
[EventType "swiss"]
[EventCountry "IND"]
[SourceTitle "playchess.com"]
[Source "ChessBase"]
[SourceQuality "1"]
[TimeControl "40/5400+30:1800+30"]

1. e4 c5 2. Nf3 Nc6 3. Bb5 g6 4. O-O Bg7 5. c3 Nf6 6. Re1 O-O 7. d4 d5 8. e5 Ne4 9. Bxc6 bxc6 10. Be3 cxd4 11. Nxd4 Qc7 12. f3 Nc5 13. b4 Nd7 14. f4 a5 15. a4 c5 16. bxc5 Nxc5 17. Nb5 Qc6 18. Bxc5 Qxc5+ 19. Qd4 Qc6 20. Nd2 Ba6 21. Rab1 e6 22. c4 Rfc8 23. cxd5 Qxd5 24. Qxd5 exd5 25. Nd6 Rc3 26. Rbc1 Rxc1 27. Rxc1 g5 28. Rc5 gxf4 29. Rxd5 Be2 30. N2e4 h6 31. Kf2 Bg4 32. Nf6+ Bxf6 33. exf6 Rb8 34. Rb5 Rd8 35. Rb6 Bd1 36. Ra6 Bxa4 37. Kf3 Bb3 38. Kxf4 Kh7 39. Nb7 Rd2 40. Nxa5 Be6 41. Nc6 1/2-1/2

[Event "WJCC U20 Open 2019"]
[Site "New Delhi"]
[Date "2019.10.21"]
[Round "7.4"]
[White "Haria, Ravi"]
[Black "Santos Ruiz, Miguel"]
[Result "0-1"]
[ECO "B31"]
[WhiteElo "2463"]
[BlackElo "2560"]
[Annotator "ChessBase"]
[PlyCount "58"]
[EventDate "2019.10.15"]
[EventType "swiss"]
[EventCountry "IND"]
[SourceTitle "playchess.com"]
[Source "ChessBase"]
[SourceQuality "1"]
[TimeControl "40/5400+30:1800+30"]

1. e4 c5 2. Nf3 Nc6 3. Bb5 g6 4. O-O Bg7 5. c3 e5 6. d4 cxd4 7. cxd4 exd4 8. Bf4 a6 9. Bc4 d6 10. Nbd2 Nf6 11. Re1 O-O 12. Bb3 h6 13. h3 Re8 14. Rc1 d5 15. exd5 Rxe1+ 16. Qxe1 Nxd5 17. Bxd5 Qxd5 18. Qe8+ Kh7 19. Ne4 Bxh3 20. Qxa8 Qxe4 21. Qxb7 Qxf4 22. Qxc6 Be6 23. b3 Bd5 24. Qc7 Qg4 25. Qg3 Qf5 26. Nh4 Qe4 27. Nf3 d3 28. Re1 Qxe1+ 29. Nxe1 d2 0-1

[Event "WJCC U20 Open 2019"]
[Site "New Delhi"]
[Date "2019.10.21"]
[Round "7.6"]
[White "Drygalov, Sergey"]
[Black "Kollars, Dmitrij"]
[Result "1/2-1/2"]
[ECO "E15"]
[WhiteElo "2470"]
[BlackElo "2587"]
[Annotator "ChessBase"]
[PlyCount "103"]
[EventDate "2019.10.15"]
[EventType "swiss"]
[EventCountry "IND"]
[SourceTitle "playchess.com"]
[Source "ChessBase"]
[SourceQuality "1"]
[TimeControl "40/5400+30:1800+30"]

1. d4 Nf6 2. c4 e6 3. Nf3 b6 4. g3 Ba6 5. b3 Bb4+ 6. Bd2 Be7 7. Nc3 d5 8. cxd5 exd5 9. Bg2 O-O 10. O-O Re8 11. Re1 Nbd7 12. Ne5 Bb7 13. Rc1 c5 14. e3 Rc8 15. Bh3 Rb8 16. Nxd7 Nxd7 17. Ne2 Nf6 18. Bg2 Qd7 19. dxc5 Bxc5 20. b4 Bd6 21. Nd4 Ne4 22. b5 Bc5 23. a4 a6 24. Rb1 Rbc8 25. Re2 axb5 26. axb5 Nd6 27. Be1 Bxd4 28. Qxd4 Rc5 29. Reb2 Nxb5 30. Qd3 Bc6 31. Bf1 d4 32. Rxb5 Bxb5 33. Rxb5 Qxb5 34. Qxb5 Rxb5 35. Bxb5 Re5 36. Be2 dxe3 37. f4 Rc5 38. Kg2 Rc1 39. Bb4 Rb1 40. Bd6 b5 41. Kf3 b4 42. Kxe3 b3 43. Be5 b2 44. Bc3 h5 45. Bd3 Rh1 46. Bxb2 Rxh2 47. Be5 h4 48. gxh4 Rxh4 49. Bc4 g5 50. Be2 Rxf4 51. Bxf4 gxf4+ 52. Ke4 1/2-1/2

[Event "WJCC U20 Open 2019"]
[Site "New Delhi"]
[Date "2019.10.21"]
[Round "7.7"]
[White "Albornoz Cabrera, Carlos Daniel"]
[Black "Bronstein, Or"]
[Result "0-1"]
[ECO "B51"]
[WhiteElo "2581"]
[BlackElo "2413"]
[Annotator "ChessBase"]
[PlyCount "74"]
[EventDate "2019.10.15"]
[EventType "swiss"]
[EventCountry "IND"]
[SourceTitle "playchess.com"]
[Source "ChessBase"]
[SourceQuality "1"]
[TimeControl "40/5400+30:1800+30"]

1. e4 c5 2. Nf3 d6 3. Bb5+ Nd7 4. O-O a6 5. Bd3 Ngf6 6. Re1 e6 7. c3 b5 8. Bc2 c4 9. a4 Bb7 10. d4 cxd3 11. Qxd3 Nc5 12. Qe2 bxa4 13. Be3 Nfxe4 14. Nbd2 Nxd2 15. Nxd2 Bc6 16. Bxc5 dxc5 17. Nc4 Bb5 18. Rad1 Qc8 19. Qe4 Ra7 20. Qg4 g6 21. Nb6 Qb8 22. Nd5 Bg7 23. Qh4 Qd8 24. Qg3 O-O 25. Nf4 Qb8 26. Qg4 Rd7 27. h4 Rxd1 28. Rxd1 Rd8 29. Rxd8+ Qxd8 30. h5 Qd2 31. hxg6 hxg6 32. Bxg6 Qe1+ 33. Kh2 fxg6 34. Nxg6 Bd3 35. Nf4 Bf5 36. Qh5 Qxf2 37. Qg5 Qd2 0-1

[Event "WJCC U20 Open 2019"]
[Site "New Delhi"]
[Date "2019.10.21"]
[Round "7.8"]
[White "Sammed Jaykumar, Shete"]
[Black "Sargsyan, Shant"]
[Result "0-1"]
[ECO "C55"]
[WhiteElo "2392"]
[BlackElo "2580"]
[Annotator "ChessBase"]
[PlyCount "64"]
[EventDate "2019.10.15"]
[EventType "swiss"]
[EventCountry "IND"]
[SourceTitle "playchess.com"]
[Source "ChessBase"]
[SourceQuality "1"]
[TimeControl "40/5400+30:1800+30"]

1. e4 e5 2. Nf3 Nc6 3. Bc4 Nf6 4. d3 h6 5. O-O d6 6. c3 g5 7. Re1 Bg7 8. d4 g4 9. dxe5 Nd7 10. Nd4 Ndxe5 11. Bf1 Bd7 12. Na3 h5 13. Nac2 h4 14. Ne3 h3 15. Nef5 Qf6 16. Bf4 hxg2 17. Bxg2 O-O-O 18. Bg3 Rh7 19. f4 gxf3 20. Nxf3 Rg8 21. N3d4 Bh6 22. Rf1 Kb8 23. Qe2 Ng4 24. Nc2 Qh8 25. Rad1 Bf8 26. h3 Nh6 27. Nce3 Nxf5 28. Nxf5 Rxh3 29. Kf2 Rhxg3 30. Nxg3 Bg4 31. Qd2 Bxd1 32. Rxd1 Qh4 0-1

[Event "WJCC U20 Open 2019"]
[Site "New Delhi"]
[Date "2019.10.21"]
[Round "7.9"]
[White "Raghunandan, Kaumandur Srihari"]
[Black "Gazik, Viktor"]
[Result "0-1"]
[ECO "A88"]
[WhiteElo "2449"]
[BlackElo "2546"]
[Annotator "ChessBase"]
[PlyCount "64"]
[EventDate "2019.10.15"]
[EventType "swiss"]
[EventCountry "IND"]
[SourceTitle "playchess.com"]
[Source "ChessBase"]
[SourceQuality "1"]
[TimeControl "40/5400+30:1800+30"]

1. d4 f5 2. c4 Nf6 3. Nc3 g6 4. g3 Bg7 5. Bg2 O-O 6. Nf3 d6 7. O-O c6 8. b3 Na6 9. Bb2 Qe8 10. Ba3 b5 11. cxb5 cxb5 12. Ne5 b4 13. Bxa8 dxe5 14. dxe5 Ng4 15. Bb2 bxc3 16. Bxc3 f4 17. Qd5+ e6 18. Qd6 fxg3 19. hxg3 g5 20. Bf3 Qh5 21. Bxg4 Qxg4 22. Rae1 Bb7 23. e4 h5 24. Re3 Rf7 25. Qd1 Qh3 26. Qd8+ Kh7 27. Rd1 Nc5 28. Qd4 Nxe4 29. Rxe4 Rd7 30. Qxd7 Bxe4 31. f3 Qxg3+ 32. Kf1 Qxf3+ 0-1

[Event "WJCC U20 Open 2019"]
[Site "New Delhi"]
[Date "2019.10.21"]
[Round "7.10"]
[White "Anuj Shrivatri"]
[Black "Visakh N R"]
[Result "0-1"]
[ECO "E10"]
[WhiteElo "2390"]
[BlackElo "2529"]
[Annotator "ChessBase"]
[PlyCount "76"]
[EventDate "2019.10.15"]
[EventType "swiss"]
[EventCountry "IND"]
[SourceTitle "playchess.com"]
[Source "ChessBase"]
[SourceQuality "1"]
[TimeControl "40/5400+30:1800+30"]

1. d4 Nf6 2. c4 e6 3. Nf3 d5 4. g3 Bb4+ 5. Bd2 Be7 6. Bg2 O-O 7. O-O c6 8. Qc2 Nbd7 9. Rd1 Ne4 10. Be1 Bd6 11. Nbd2 f5 12. b4 g5 13. c5 Be7 14. Nb3 Bf6 15. e3 g4 16. Nfd2 Ng5 17. f4 gxf3 18. Nxf3 Nxf3+ 19. Bxf3 e5 20. Qg2 e4 21. Be2 Bg5 22. Bd2 Nf6 23. Rf1 Be6 24. h3 Kh8 25. Kh1 Rg8 26. Qf2 Qf8 27. h4 Qh6 28. Na5 Rg7 29. Rg1 Rag8 30. b5 cxb5 31. c6 bxc6 32. Nxc6 Nh5 33. Bxh5 Qxh5 34. Ne5 f4 35. exf4 Bf6 36. Be3 Rxg3 37. Rxg3 Qxh4+ 38. Kg2 Qh3+ 0-1

[Event "WJCC U20 Open 2019"]
[Site "New Delhi"]
[Date "2019.10.21"]
[Round "7.12"]
[White "Harsha Bharathakoti"]
[Black "Wang, Shixu B"]
[Result "0-1"]
[ECO "D37"]
[WhiteElo "2530"]
[BlackElo "2370"]
[Annotator "ChessBase"]
[PlyCount "88"]
[EventDate "2019.10.15"]
[EventType "swiss"]
[EventCountry "IND"]
[SourceTitle "playchess.com"]
[Source "ChessBase"]
[SourceQuality "1"]
[TimeControl "40/5400+30:1800+30"]

1. d4 Nf6 2. c4 e6 3. Nf3 d5 4. Nc3 Be7 5. Bf4 O-O 6. a3 b6 7. Qc2 c5 8. Rd1 Bb7 9. cxd5 exd5 10. g3 Ne4 11. Bg2 Qc8 12. O-O Nd7 13. Bh3 Nxc3 14. bxc3 Qe8 15. a4 Nf6 16. Ne5 Rd8 17. Ra1 Ne4 18. a5 b5 19. a6 Bc8 20. Bg2 f6 21. Nf3 g5 22. Bc7 Rd7 23. Ba5 c4 24. Rfb1 Rd6 25. Nd2 f5 26. Nf1 Rh6 27. f3 Nd6 28. Bb4 Re6 29. Bc5 Qd7 30. Qb2 Re8 31. e3 Bd8 32. f4 Ne4 33. Qxb5 Qxb5 34. Rxb5 Nxc3 35. Rb8 Rxa6 36. Rxa6 Bxa6 37. Kf2 Ne4+ 38. Bxe4 fxe4 39. Ra8 c3 40. Rxa7 c2 41. Ba3 Bd3 42. Ra8 Kf7 43. fxg5 Be7 44. Ra7 Ke6 0-1

[Event "WJCC U20 Open 2019"]
[Site "New Delhi"]
[Date "2019.10.21"]
[Round "7.14"]
[White "Arjun Kalyan"]
[Black "Sankalp Gupta"]
[Result "1/2-1/2"]
[ECO "B12"]
[WhiteElo "2483"]
[BlackElo "2369"]
[Annotator "ChessBase"]
[PlyCount "90"]
[EventDate "2019.10.15"]
[EventType "swiss"]
[EventCountry "IND"]
[SourceTitle "playchess.com"]
[Source "ChessBase"]
[SourceQuality "1"]
[TimeControl "40/5400+30:1800+30"]

1. e4 c6 2. d4 d5 3. e5 c5 4. dxc5 e6 5. Nf3 Bxc5 6. Bd3 Ne7 7. O-O Ng6 8. a3 O-O 9. Ng5 Qc7 10. Qh5 h6 11. Nf3 Nc6 12. Re1 Nd4 13. Nxd4 Bxd4 14. c3 Bb6 15. a4 a5 16. Na3 Bd7 17. Nc2 Be8 18. Nd4 Qe7 19. Be3 f5 20. Nxf5 Rxf5 21. Bxf5 Nf8 22. Qf3 Bxe3 23. Rxe3 exf5 24. e6 Ng6 25. Qxf5 Qd6 26. Rg3 Ne7 27. Qg4 Qe5 28. Re3 Qf5 29. Qh4 Qf6 30. Qxf6 gxf6 31. g4 Kg7 32. h3 f5 33. f4 Kf6 34. Kf2 Ra6 35. b3 Rb6 36. Ra3 Bg6 37. Re5 Rxe6 38. Rxe6+ Kxe6 39. Ra2 h5 40. gxh5 Bxh5 41. Ke3 Nc6 42. Ra1 Kf6 43. Rb1 Bf7 44. Kd3 Bh5 45. Ke3 Bf7 {[%emt 0:00:02] Ke4 Ke5+} 1/2-1/2

[Event "WJCC U20 Open 2019"]
[Site "New Delhi"]
[Date "2019.10.21"]
[Round "7.16"]
[White "Aditya Mittal"]
[Black "Audi Ameya"]
[Result "0-1"]
[ECO "A80"]
[WhiteElo "2430"]
[BlackElo "2336"]
[Annotator "NA"]
[PlyCount "92"]
[EventDate "2019.10.15"]
[EventType "swiss"]
[EventCountry "IND"]
[SourceTitle "playchess.com"]
[Source "ChessBase"]
[SourceQuality "1"]
[TimeControl "40/5400+30:1800+30"]

1. d4 f5 2. Nc3 Nf6 3. Bg5 d5 4. Bxf6 exf6 5. e3 Be6 6. Nge2 Qd7 7. g3 Bd6 8. Nf4 c6 9. Nxe6 Qxe6 10. Qf3 Nd7 11. Bd3 g6 12. Ne2 Qe7 13. h3 O-O-O 14. g4 fxg4 15. hxg4 Rhg8 16. O-O-O Rg7 17. Kb1 Nb6 18. c3 a5 19. Rde1 a4 20. Ng3 Rf7 21. e4 Qc7 22. exd5 Nxd5 23. Ne4 a3 24. c4 Nf4 25. c5 Bf8 26. Bc2 axb2 27. Qa3 Kb8 28. Re3 Nd5 29. Rb3 Re8 30. Kxb2 Qf4 31. Qa5 f5 32. Ra3 Nc7 33. gxf5 Rxe4 34. fxg6 hxg6 35. Qa7+ Kc8 36. Rb3 Re2 37. Rxb7 Rxc2+ 38. Kb1 Re2 39. Rd1 Bg7 40. f3 Qf5+ 41. Ka1 Bxd4+ 42. Rxd4 Re1+ 43. Kb2 Qb1+ 44. Ka3 Rxf3+ 45. Rb3 Rxb3+ 46. axb3 Nb5+ 0-1

[Event "WJCC U20 Open 2019"]
[Site "New Delhi"]
[Date "2019.10.21"]
[Round "7.17"]
[White "Agmanov, Zhandos"]
[Black "Neelash Saha"]
[Result "1-0"]
[ECO "B47"]
[WhiteElo "2403"]
[BlackElo "2334"]
[Annotator "NA"]
[PlyCount "63"]
[EventDate "2019.10.15"]
[EventType "swiss"]
[EventCountry "IND"]
[SourceTitle "playchess.com"]
[Source "ChessBase"]
[SourceQuality "1"]
[TimeControl "40/5400+30:1800+30"]

1. e4 c5 2. Nf3 e6 3. d4 cxd4 4. Nxd4 Nc6 5. Nc3 Qc7 6. Qd3 a6 7. Nxc6 Qxc6 8. Qg3 Nf6 9. Bd3 d6 10. a4 Bd7 11. O-O Qc7 12. a5 Bc6 13. Be3 h5 14. f3 h4 15. Qf2 d5 16. exd5 Bxd5 17. Bb6 Qb8 18. Qd4 Bc6 19. Rad1 Rh5 20. Bc4 Nd7 21. Qg4 Qe5 22. Rfe1 Qf5 23. Nd5 Bxd5 24. Bxd5 Nxb6 25. axb6 Bc5+ 26. Kh1 Rb8 27. Qxg7 Qg5 28. Qc3 Qe7 29. Bb3 Bxb6 30. Qg7 Bc5 31. Rxe6 fxe6 32. Qg8+ 1-0

[Event "WJCC U20 Open 2019"]
[Site "New Delhi"]
[Date "2019.10.21"]
[Round "7.18"]
[White "Pogosyan, Stefan"]
[Black "Percivaldi, Martin"]
[Result "1-0"]
[ECO "A22"]
[WhiteElo "2364"]
[BlackElo "2391"]
[Annotator "NA"]
[PlyCount "73"]
[EventDate "2019.10.15"]
[EventType "swiss"]
[EventCountry "IND"]
[SourceTitle "playchess.com"]
[Source "ChessBase"]
[SourceQuality "1"]
[TimeControl "40/5400+30:1800+30"]

1. c4 e5 2. Nc3 Nf6 3. g3 c6 4. d4 e4 5. Bg5 Bb4 6. Qb3 Bxc3+ 7. Qxc3 O-O 8. Bg2 d5 9. f3 exf3 10. Nxf3 Be6 11. Ne5 h6 12. Bf4 Nbd7 13. O-O Nxe5 14. Bxe5 Ne4 15. Bxe4 dxe4 16. d5 cxd5 17. Bxg7 d4 18. Bxd4 f5 19. b3 Qg5 20. Rf4 Rf7 21. Qa5 Qg6 22. Raf1 a6 23. Rh4 Re8 24. Qe5 Rh7 25. e3 Bc8 26. Qc5 Be6 27. a4 Rc8 28. Qd6 Rd7 29. Qe5 Rh7 30. Rg4 fxg4 31. Rf6 Qe8 32. Rxe6 Qf7 33. Rf6 Qe8 34. Qd5+ Rf7 35. Rg6+ Kf8 36. Rxh6 Qd7 37. Qxd7 1-0

[Event "WJCC U20 Open 2019"]
[Site "New Delhi"]
[Date "2019.10.21"]
[Round "7.19"]
[White "Mendonca, Leon Luke"]
[Black "Pranav, V."]
[Result "1-0"]
[ECO "E48"]
[WhiteElo "2388"]
[BlackElo "2308"]
[Annotator "NA"]
[PlyCount "109"]
[EventDate "2019.10.15"]
[EventType "swiss"]
[EventCountry "IND"]
[SourceTitle "playchess.com"]
[Source "ChessBase"]
[SourceQuality "1"]
[TimeControl "40/5400+30:1800+30"]

1. d4 Nf6 2. c4 e6 3. Nc3 Bb4 4. e3 O-O 5. Bd3 d5 6. a3 Bd6 7. c5 Be7 8. b4 Nbd7 9. f4 c6 10. Nf3 a5 11. Bd2 b6 12. O-O Ba6 13. Bxa6 Rxa6 14. b5 cxb5 15. c6 Nb8 16. Ne5 Ra8 17. Nxb5 Na6 18. Qe2 Nc7 19. Rfc1 Bd6 20. Nxd6 Qxd6 21. a4 Rfc8 22. Rcb1 Ra6 23. Bc1 Qd8 24. Ba3 Ne4 25. Rb3 Qe8 26. Rc1 f6 27. Nd7 Rd8 28. Rb2 h6 29. Nxb6 Nd6 30. Bxd6 Rxd6 31. Qc2 e5 32. dxe5 fxe5 33. Qc5 exf4 34. exf4 d4 35. Rbb1 Qe3+ 36. Kh1 Re6 37. Nd5 Qd2 38. Nxc7 Raxc6 39. Nxe6 Rxc5 40. Nxc5 Qxf4 41. Rd1 d3 42. Nxd3 Qxa4 43. Ne5 Qe4 44. Nf3 a4 45. Ra1 Qc2 46. Rd2 Qc3 47. Rda2 Kh7 48. Rxa4 g5 49. Ra6 Qe3 50. Re1 Qc5 51. Rd1 Qb5 52. Rdd6 Kg7 53. Ra7+ Kg8 54. Rd8+ Qe8 55. Rxe8# 1-0